AoeStats
← Sir Griffindor

Pilgrims

509215585Analyzed
2v2 RM · 5d ago on Sep 25, 2026· 73m 36s· 4 players
Game mode
Random Map
Map size
Medium (4 player)
Population
200
Speed
Normal
Resources
Standard
Victory
Conquest
Starting age
Dark Age
Ending age
Imperial Age
RankedLock teamsTeams togetherTeam positionsShared explorationLock speedFull tech treeHidden civsTurbo modeCheats
Victory
Defeat
🇲🇽 Maya · Mexico
798
+44
🇲🇽 Lithuanians · Mexico
779
+42
🇫🇮 Saxons · Finland
825
-18
🇨🇭 Lithuanians · Switzerland
811
-17
dundergubbe
5:55 Loom
11:15 Feudal Age
15:17 Bloodlines
17:42 Scale Barding Armor
21:50 Castle Age
21:04 Fishing Lines
21:16 Double-Bit Axe
30:59 Pikeman
31:27 Gambesons
31:43 Squires
33:52 Forging
40:25 Imperial Age
39:00 Bow Saw
43:29 Conscription
46:57 Chemistry
46:39 Murder Holes
46:23 Halberdier
47:41 Siege Engineers
48:57 Wheelbarrow
50:54 Iron Casting
51:36 Horse Collar
54:47 Scale Mail Armor
55:14 Elite Hearth Troop
60:12 Elite Longship
pigmeroid
11:12 Loom
14:33 Feudal Age
19:07 Wheelbarrow
18:21 Town Watch
19:39 Horse Collar
21:45 Bloodlines
21:44 Scale Barding Armor
23:35 Forging
27:37 Castle Age
28:39 Husbandry
29:01 Light Cavalry
35:31 Hand Cart
39:24 Heavy Plow
41:21 Fletching
43:22 Chain Barding Armor
46:30 Double-Bit Axe
47:08 Pikeman
47:50 Squires
53:01 Bodkin Arrow
53:44 Iron Casting
55:54 Hill Forts
60:11 Imperial Age
62:34 Town Patrol
SIMIO ALEJANDRO
4:55 Loom
14:07 Feudal Age
20:07 Castle Age
20:58 Crossbowman
23:26 Eagle Warrior
28:51 Forging
28:43 Padded Archer Armor
33:08 Demolition Ship
35:50 Hul'che Javelineers
36:11 Medium Warships
36:27 Elite Skirmisher
38:52 Fishing Lines
43:42 Pikeman
44:48 Thumb Ring
47:04 Horse Collar
50:54 Imperial Age
49:34 Ballistics
50:49 Heated Shot
61:45 Capped Ram
65:06 Elite Eagle Warrior
68:36 Chemistry
68:44 Double-Bit Axe
72:44 Halberdier
Sir Griffindor
10:37 Feudal Age
8:57 Loom
10:42 Feudal Age
16:13 Castle Age
15:00 Double-Bit Axe
14:59 Horse Collar
16:18 Forging
16:09 Gold Mining
18:31 Scale Barding Armor
19:41 Stone Mining
20:29 Bloodlines
20:22 Husbandry
20:36 Fishing Lines
23:05 Iron Casting
26:28 Chain Barding Armor
27:47 Wheelbarrow
27:53 Heavy Plow
32:22 Fletching
33:31 Bow Saw
33:38 Hand Cart
40:18 Imperial Age
40:05 Bodkin Arrow
40:07 Elite Skirmisher
42:47 Ballistics
43:28 Chemistry
42:48 Thumb Ring
48:33 Plate Barding Armor
50:32 Crop Rotation
50:33 Elite Cannon Galleon
51:36 Bracer
51:38 Padded Archer Armor
55:39 Leather Archer Armor
59:38 Two-Man Saw
67:39 Tower Shields
Connection lost

Rejoining the realm…

Still unreachable

The connection could not be restored.

Session expired

The server has moved on; the page needs a fresh start.